 Dungeon Crawl Stone Soup version 0.31-a0-986-g5e6e4ef867 (webtiles) character file.

Game seed: 17641177771246186862

71712 Anonymone the Fighter (level 14, 0/121 HPs)
             Began as a Demonspawn Venom Mage on Nov 25, 2023.
             Was a High Priest of Vehumet.
             Slain by a wolf spider (3 damage)
             ... on level 1 of the Spider Nest.
             The game lasted 01:15:01 (21221 turns).

Anonymone the Fighter (Demonspawn Venom Mage)      Turns: 21221, Time: 01:15:02

Health: 0/121      AC: 14    Str: 11    XL:     14   Next: 98%
Magic:  31/37      EV: 15    Int: 23    God:    Vehumet [*****.]
Gold:   563        SH:  0    Dex: 20    Spells: 13/33 levels left

rFire   . . .        c - +1 demon whip (venom)
rCold   . . .        (no shield)
rNeg    . . .        M - +3 acid dragon scales
rPois   .            x - +1 hat {Will+}
rElec   +            (no cloak)
rCorr   +            (gloves unavailable)
SInv    .            (no boots)
Will    ++...        e - amulet of magic regeneration
Stlth   ++           p - ring of wizardry
HPRegen 0.40/turn    K - ring "Uschix" {rElec MP+9 Int+3 Dex+7}
MPRegen 0.65/turn

%: wizardry (x1)
@: no status effects
A: yellow scales 2, spiny 2, augmentation 1, demonic magic 2, demonic touch 3
a: Renounce Religion


You were on level 1 of the Spider Nest.
You worshipped Vehumet.
Vehumet was extremely pleased with you.
You visited 4 branches of the dungeon, and saw 17 of its levels.
You also visited: Sewer and Bailey.

You collected 1278 gold pieces.
You spent 715 gold pieces at shops.

Inventory:

Hand Weapons
 c - a +1 demon whip of venom (weapon)
 m - a +3 spectral dagger
 u - a +2 dagger of freezing
 A - a +2 flail of protection
 F - a +0 whip of flaming
Missiles
 h - 2 throwing nets
Armour
 a - a +0 robe
 g - a +1 helmet
 j - a +0 leather armour
 r - a +0 pair of gloves
 s - a +0 robe of willpower
 t - the +1 scale mail of Nikhiroi {Rampage rPois rC+ Regen+}
   (You found it on level 5 of the Lair of Beasts)

   rC+:       It protects you from cold.
   rPois:     It protects you from poison Regen+: It increases your rate of
   health regeneration.
   Rampage:   It bestows one free step when moving towards enemies.
 x - a +1 hat of willpower (worn)
 z - a +0 chain mail
 M - +3 acid dragon scales (worn)
Jewellery
 e - an amulet of magic regeneration (around neck)
 p - a ring of wizardry (left hand)
 w - the ring "Cahen" {AC+4 Str+3}
   (You found it on level 5 of the Lair of Beasts)

   [ring of protection]

   AC+4:      It affects your AC (+4).
   Str+3:     It affects your strength (+3).
 B - an amulet of the acrobat
 C - a ring of flight
 D - a ring of see invisible
 G - a +4 ring of protection
 H - a ring of see invisible
 J - a ring of positive energy
 K - the ring "Uschix" (right hand) {rElec MP+9 Int+3 Dex+7}
   (You bought it in a shop on level 3 of the Dungeon)

   [ring of magical power]

   Int+3:     It affects your intelligence (+3).
   Dex+7:     It affects your dexterity (+7).
   rElec:     It insulates you from electricity.
   MP+9:      It affects your magic capacity (+9).
 N - a ring of protection from fire
 P - a ring of protection from fire
Talismans
 v - a blade talisman
Wands
 k - a wand of flame (36)
 q - a wand of polymorph (2)
 y - a wand of roots (12)
 E - a wand of paralysis (16)
Scrolls
 d - 15 scrolls of identify
 f - 4 scrolls of teleportation
 L - 2 scrolls of silence
 Q - a scroll of immolation {unknown}
Potions
 b - a potion of magic
 i - a potion of cancellation
 l - 5 potions of mutation
 o - 9 potions of curing
 I - a potion of brilliance


   Skills:
 + Level 14.8 Fighting
 + Level 12.8 Maces & Flails
 - Level 4.7 Armour
 - Level 6.2 Dodging
 - Level 1.8 Stealth
 * Level 10.2 Spellcasting
 + Level 10.1 Conjurations
 - Level 1.0 Transmutations
 - Level 8.2 Air Magic
 - Level 2.5 Earth Magic
 * Level 6.6 Poison Magic


You had 13 spell levels left.
You knew the following spells:

 Your Spells              Type           Power      Damage    Failure   Level
a - Sting                 Tmut/Pois      100%       1d8       1%          1
b - Poisonous Vapours     Pois/Air       92%        N/A       1%          2
c - Mephitic Cloud        Conj/Pois/Air  50%        N/A       1%          3
d - Call Imp              Summ           22%        N/A       4%          2
e - Olgreb's Toxic Radia  Pois           42%        N/A       1%          4
f - Stone Arrow           Conj/Erth      82%        3d12      1%          3
g - Fireball              Conj/Fire      17%        3d9       3%          5

Your spell library contained the following spells:

 Spells                   Type           Power      Damage    Failure   Level
 Magic Dart               Conj           100%       1d8       1%          1
 Cigotuvi's Dreadful Rot  Necr/Pois/Air  68%        N/A       1%          2
 Momentum Strike          Conj/Tloc      70%        3d9       1%          2
 Brom's Barrelling Bould  Conj/Erth      41%        2d6       1%          4
 Iskenderun's Battlesphe  Conj           55%        2d11      1%          5
 Necrotise                Necr           44%        1d6       3%          1
 Frozen Ramparts          Ice            22%        1d4       3%          3
 Conjure Ball Lightning   Conj/Air       26%        3x3d7     3%          6
 Blink                    Tloc           22%        N/A       4%          2
 Lesser Beckoning         Tloc           22%        N/A       4%          2
 Orb of Destruction       Conj           27%        9d9       12%         7
 Petrify                  Tmut/Erth      20%        N/A       16%         4
 Silence                  Hex/Air        15%        N/A       16%         5
 Dispel Undead            Necr           11%        3d9       32%         4
 Borgnjor's Vile Clutch   Necr/Erth      8%         N/A       45%         5
 Metabolic Englaciation   Hex/Ice        5%         N/A       63%         5
 Death Channel            Necr           5%         N/A       99%         6
 Death's Door             Necr           5%         N/A       100%        9


Dungeon Overview and Level Annotations

Branches:
Dungeon (10/15)            Temple (1/1) D:7            Lair (5/5) D:9
  Swamp (0/4) Lair:2       Spider (1/4) Lair:3        Slime (0/5) Lair:4
  Sewer (visited)          Bailey (visited)
    Orc: D:9-12

Altars:
Ashenzari
Cheibriados
Dithmenos
Gozag
Hepliaklqana
Kikubaaqudgha
Makhleb
Nemelex Xobeh
Okawaru
Qazlal
Ru
Sif Muna
Trog
Vehumet
Wu Jian
Xom
Yredelemnul
Jiyva

Shops:
D:2 (   D:3 =

Annotations:
Lair:2 1 runed translucent door, Omej Ceovvom's ghost, journeyman DrSh


Innate Abilities, Weirdness & Mutations

You are mostly covered in yellow scales. (AC +3)
You are mostly covered in sharp spines.
Your magical and physical power is slightly enhanced at high health.
Spells you cast may paralyse nearby enemies.
Your touch may irresistibly damage your foes and sap their willpower.


Message History

Your magical contamination has completely faded away.
A wolf spider comes into view.
The wolf spider's many legs skitter.
Casting: Call Imp (safe; 4% risk of failure)
Confirm with . or Enter, or press ? or * to list all spells.
A tiny devil pulls itself out of the air.
Malevolent energies surge around you. The demonic crawler closely misses you.
The demonic crawler hits you but does no damage.
The demonic crawler misses you.
Your cerulean imp hits the demonic crawler but does no damage.
The demonic crawler attacks as it pursues you!
The demonic crawler is struck by your spines.
The demonic crawler barely misses you. x2
The demonic crawler hits you but does no damage.
Your cerulean imp hits the demonic crawler but does no damage.
The demonic crawler barely misses you. The demonic crawler hits you!
* * * LOW HITPOINT WARNING * * *
The demonic crawler barely misses you.
Casting: Call Imp (safe; 4% risk of failure)
Confirm with . or Enter, or press ? or * to list all spells.
A tiny devil pulls itself out of the air.
Malevolent energies surge around you.
Your cerulean imp disappears in a puff of smoke!
The demonic crawler completely misses you.
The demonic crawler hits you!
* * * LOW HITPOINT WARNING * * *
The demonic crawler hits you but does no damage.
You swap places.
The demonic crawler closely misses your cerulean imp.
The demonic crawler hits your cerulean imp!
The demonic crawler hits your cerulean imp.
The wolf spider hits you but does no damage.
The wolf spider completely misses you.
Your cerulean imp hits the demonic crawler but does no damage.
The demonic crawler hits your cerulean imp.
The demonic crawler hits your cerulean imp!!
Your cerulean imp dies!
Your cerulean imp disappears in a puff of smoke!
The wolf spider hits you.
You die...

####........#≈#
##≈##^......#~~##
#~..##........≈≈#
###..##.......~≈#
#~..^.........≈######
#≈#...........~≈≈..#..
≈.####......#~##≈#..#..
#..
#.##.....#..~#~.....
...
#..@#.^..#..#.≈#....
....
#..s...#....#..##†..
#...
#...#..#....#.†.....
#...
#≈#.s<.#^...#.......
#.#....#s...#......#
#..^...#...##~......
.....##......~.#......
...... #....##~........
.........#...#.........


You could see a demonic crawler (poisoned) and a wolf spider.

Vanquished Creatures
  2 hydras
  Erica (D:8)
  5 catoblepae
  24 death yaks
  A boulder beetle (Lair:5)
  2 two-headed ogres
  Amaemon (Lair:2)
  A skyshark (Lair:2)
  Pikel (D:7)
  A wolf spider (Spider:1)
  A cyclops (D:7)
  3 manticores
  6 black mambas
  28 elephants
  An orange demon (Lair:2)
  13 cane toads
  6 rime drakes
  Jeremiah (Lair:1)
  10 komodo dragons
  3 polar bears
  A troll (D:7)
  3 meliai (Lair:4)
  A queen bee (Lair:4)
  11 blink frogs
  12 dream sheep
  A culicivora (Spider:1)
  2 jumping spiders (Spider:1)
  5 slime creatures
  Sigmund (D:3)
  58 yaks
  2 basilisks
  6 wyverns
  7 redbacks
  4 vampire mosquitoes (Lair:2)
  2 acid dragons (D:9)
  13 water moccasins
  15 orc warriors
  An ice beast (D:6)
  A sky beast (D:6)
  3 black bears (D:9)
  22 wolves
  A phantom (D:5)
  16 centaurs
  4 lemures (D:7)
  A kobold brigand (D:9)
  13 bullfrogs
  3 scorpions
  3 wights (D:7)
  20 killer bees (Lair:4)
  5 howler monkeys
  3 jellies
  3 hounds
  2 orc priests
  3 iron imps (D:4)
  A sleepcap (D:7)
  Jessica (D:3)
  2 gnoll boudas
  Ijyb (D:5)
  5 orc wizards
  5 iguanas
  13 hell rats
  13 gnolls
  7 adders
  A river rat (Sewer)
  2 shadow imps
  2 white imps
  4 ufetubi
  2 worms
  4 dart slugs
  44 orcs
  4 bats (D:1)
  11 endoplasms
  7 giant cockroaches
  22 goblins
  8 hobgoblins
  2 jackals (D:1)
  13 kobolds
  2 quokkas
  8 ball pythons
  9 frilled lizards
  7 rats
  2 butterflies (D:10)
561 creatures vanquished.

Vanquished Creatures (collateral kills)
  2 wights (D:7)
  2 orc wizards (D:8)
4 creatures vanquished.

Vanquished Creatures (others)
  A spectral weapon (Lair:1)
1 creature vanquished.

Grand Total: 566 creatures vanquished

Notes
Turn   | Place    | Note
-------+----------+-------------------------------------------
     0 | D:1      | Anonymone the Demonspawn Venom Mage began the quest for the
                  | Orb.
     0 | D:1      | Reached XP level 1. HP: 13/13 MP: 3/3
    77 | D:1      | Reached skill level 1 in Transmutations
   242 | D:1      | Gained mutation: Your touch may inflict minor irresistible
                  | damage on your foes. [demonic ancestry]
   242 | D:1      | Reached XP level 2. HP: 19/19 MP: 0/5
  1034 | D:1      | Gained mutation: You are partially covered in yellow
                  | scales. (AC +2) [demonic ancestry]
  1034 | D:1      | Reached XP level 3. HP: 24/24 MP: 4/6
  1510 | D:1      | Learned a level 2 spell: Poisonous Vapours
  1560 | D:2      | Found Ewekiner's Weapon Shoppe.
  2078 | D:2      | Found a faded altar of an unknown god.
  2147 | D:2      | Reached XP level 4. HP: 30/30 MP: 1/8
  2779 | D:3      | Noticed Sigmund
  3042 | D:3      | Found an ornate altar of the Wu Jian Council.
  3156 | D:3      | Found a glowing drain.
  3160 | Sewer    | Entered a sewer
  3188 | Sewer    | Learned a level 3 spell: Mephitic Cloud
  3524 | Sewer    | Gained mutation: Spells you cast may paralyse adjacent
                  | enemies. [demonic ancestry]
  3524 | Sewer    | Reached XP level 5. HP: 29/35 MP: 4/9
  3626 | Sewer    | Reached skill level 1 in Conjurations
  3756 | Sewer    | Reached skill level 1 in Air Magic
  4008 | D:3      | Killed Sigmund
  4009 | D:3      | Gained mutation: You are partially covered in sharp spines.
                  | [demonic ancestry]
  4009 | D:3      | Reached XP level 6. HP: 41/41 MP: 2/10
  4117 | D:3      | Found Otang's Jewellery Shop.
  4399 | D:3      | Noticed Jessica
  4404 | D:3      | Killed Jessica
  5150 | D:4      | Found a hazy altar of Hepliaklqana.
  5396 | D:4      | Found a burning altar of Makhleb.
  5422 | D:4      | Gained mutation: Spells you cast may paralyse nearby
                  | enemies. [demonic ancestry]
  5422 | D:4      | Reached XP level 7. HP: 39/46 MP: 3/11
  5657 | D:5      | Entered Level 5 of the Dungeon
  5688 | D:5      | Noticed Ijyb
  5700 | D:5      | Killed Ijyb
  6710 | D:6      | Identified a scroll of acquirement
  6710 | D:6      | Acquired an amulet of magic regeneration
  6722 | D:6      | Found a stormy altar of Qazlal.
  6826 | D:6      | Gained mutation: You are mostly covered in yellow scales.
                  | (AC +3) [demonic ancestry]
  6826 | D:6      | Reached XP level 8. HP: 45/52 MP: 7/14
  7001 | D:6      | Reached skill level 5 in Conjurations
  7540 | D:6      | Learned a level 2 spell: Call Imp
  7880 | D:7      | Reached skill level 5 in Air Magic
  7896 | D:7      | Reached skill level 5 in Spellcasting
  7999 | D:7      | Noticed Pikel
  8029 | D:7      | Killed Pikel
  8030 | D:7      | Gained mutation: Your touch may inflict irresistible damage
                  | on your foes. [demonic ancestry]
  8030 | D:7      | Reached XP level 9. HP: 57/57 MP: 15/17
  8367 | D:7      | Noticed a two-headed ogre
  8370 | D:7      | Noticed a manticore
  8371 | D:7      | Noticed a cyclops
  8386 | D:7      | Noticed a troll
  8388 | D:7      | Killed a manticore
  8400 | D:7      | Killed a troll
  8622 | D:7      | Reached skill level 5 in Dodging
  8816 | D:7      | Killed a cyclops
  8817 | D:7      | Gained mutation: Your touch may irresistibly damage your
                  | foes and sap their willpower. [demonic ancestry]
  8817 | D:7      | Reached XP level 10. HP: 39/63 MP: 14/20
  8923 | D:7      | Killed a two-headed ogre
  9171 | D:7      | Found a staircase to the Ecumenical Temple.
  9241 | Temple   | Entered the Ecumenical Temple
  9262 | Temple   | Became a worshipper of Vehumet
  9369 | D:8      | Noticed Erica
  9386 | D:8      | Killed Erica
  9416 | D:8      | Found a flagged portal.
  9457 | D:8      | Learned a level 4 spell: Olgreb's Toxic Radiance
  9500 | Bailey   | Entered a bailey
  9543 | Bailey   | Reached * piety under Vehumet
  9543 | Bailey   | Offered knowledge of Sandblast by Vehumet.
  9844 | Bailey   | Learned a level 1 spell: Magic Dart
 10171 | Bailey   | Reached XP level 11. HP: 68/68 MP: 20/23
 10252 | Bailey   | Reached skill level 1 in Armour
 10566 | D:8      | Reached skill level 1 in Fighting
 11021 | D:9      | Reached skill level 2 in Fighting
 11082 | D:9      | Reached skill level 4 in Fighting
 11091 | D:9      | Reached skill level 5 in Fighting
 11402 | D:9      | Found a sparkling altar of Nemelex Xobeh.
 11425 | D:9      | Offered knowledge of Searing Ray by Vehumet.
 11631 | D:9      | Reached skill level 6 in Fighting
 11631 | D:9      | Reached ** piety under Vehumet
 11676 | D:9      | Found a staircase to the Lair.
 11911 | D:9      | Reached skill level 7 in Fighting
 11981 | D:9      | Noticed a two-headed ogre
 12017 | D:9      | Killed a two-headed ogre
 12018 | D:9      | Reached skill level 8 in Fighting
 12363 | IceCv    | Identified the "Kafy"
 12363 | Lair:1   | Entered Level 1 of the Lair of Beasts
 12535 | Lair:1   | Reached skill level 9 in Fighting
 12674 | Lair:1   | Reached skill level 10 in Fighting
 12743 | Lair:1   | Reached skill level 11 in Fighting
 12824 | Lair:1   | Reached skill level 12 in Fighting
 13215 | Lair:1   | Reached skill level 13 in Fighting
 13333 | Lair:1   | Offered knowledge of Dazzling Flash by Vehumet.
 13339 | Lair:1   | Gained mutation: Your magical and physical power is
                  | slightly enhanced at high health. [demonic ancestry]
 13339 | Lair:1   | Reached XP level 12. HP: 76/105 MP: 13/24
 13416 | Lair:1   | Found an iron altar of Okawaru.
 13643 | Lair:1   | You fall into a shaft and drop 1 floor!
 13787 | Lair:1   | Noticed Jeremiah
 13797 | Lair:1   | Reached *** piety under Vehumet
 13810 | Lair:1   | Killed Jeremiah
 13834 | Lair:1   | Reached skill level 14 in Fighting
 14692 | D:3      | Bought the ring "Uschix" {rElec MP+9 Int+3 Dex+7} for 715
                  | gold pieces
 14828 | D:10     | Entered Level 10 of the Dungeon
 14836 | D:10     | Noticed a two-headed ogre
 14959 | D:10     | Found a shimmering altar of Xom.
 15124 | Lair:2   | Noticed a catoblepas
 15125 | Lair:2   | Noticed Amaemon
 15146 | Lair:2   | Killed a catoblepas
 15154 | Lair:2   | Killed Amaemon
 15179 | Lair:2   | Offered knowledge of Stone Arrow by Vehumet.
 15180 | Lair:2   | Reached skill level 1 in Maces & Flails
 15184 | Lair:2   | Learned a level 3 spell: Stone Arrow
 15421 | Lair:2   | Noticed an eight-headed hydra
 15435 | Lair:2   | Killed an eight-headed hydra
 15517 | Lair:2   | Found a runed translucent door.
 15517 | Lair:2   | Noticed Omej Ceovvom's ghost (journeyman DrSh)
 15660 | Lair:2   | Found a staircase to the Swamp.
 15670 | Lair:2   | Reached skill level 5 in Maces & Flails
 15931 | Lair:3   | Noticed a catoblepas
 15949 | Lair:2   | Killed a catoblepas
 16174 | Lair:3   | Reached **** piety under Vehumet
 16236 | Lair:3   | Offered knowledge of Volatile Blastmotes by Vehumet.
 16238 | Lair:3   | Gained mutation: You are mostly covered in sharp spines.
                  | [demonic ancestry]
 16238 | Lair:3   | Reached XP level 13. HP: 109/113 MP: 25/25
 16376 | Lair:3   | Found a hole to the Spider Nest.
 17337 | Lair:4   | Reached skill level 10 in Maces & Flails
 17575 | Lair:4   | Found a viscous altar of Jiyva.
 17575 | Lair:4   | Found a staircase to the Slime Pits.
 17583 | Lair:4   | Reached ***** piety under Vehumet
 17588 | Lair:4   | Offered knowledge of Conjure Ball Lightning by Vehumet.
 18604 | Lair:5   | Identified the "Kasueh"
 18604 | Lair:5   | Entered Level 5 of the Lair of Beasts
 18692 | Lair:5   | Reached XP level 14. HP: 68/120 MP: 26/26
 19046 | Lair:5   | Reached skill level 1 in Earth Magic
 19093 | Lair:5   | HP: 3/120 [elephant (4)]
 19103 | Lair:5   | HP: 6/120 [eight-headed hydra (13)]
 19504 | Lair:5   | Offered knowledge of Brom's Barrelling Boulder by Vehumet.
 19555 | Lair:5   | Reached skill level 5 in Poison Magic
 19750 | Lair:5   | Identified the +1 scale mail of Nikhiroi {Rampage rPois rC+
                  | Regen+}
 20159 | Lair:5   | Reached skill level 10 in Spellcasting
 20465 | Lair:5   | Reached skill level 10 in Conjurations
 20682 | Lair:5   | Identified the ring "Cahen" {AC+4 Str+3}
 21025 | Lair:5   | Learned a level 5 spell: Fireball
 21102 | Spider:1 | Entered Level 1 of the Spider Nest
 21204 | Spider:1 | HP: 2/121 [demonic crawler (12)]
 21218 | Spider:1 | HP: 2/121 [demonic crawler (10)]
 21221 | Spider:1 | Slain by a wolf spider

Illustrated notes

Levels and vault maps discovered:
D:1:      matt_arrival_spirals, layout_basic
D:2:      cheibrodos_greedy_goblins, layout_basic,
          shapermc_ecumenical_altar_pompeii, serial_shops,
          nicolae_shop_bloodbath_and_beyond, kennysheep_generic_room_2
D:3:      layout_basic, mainiacjoe_overflow_24_doors, serial_shops,
          nicolae_shop_crystal, gup_sewer_entry_bowl, minmay_misc_feat_plants,
          kennysheep_another_room, uniq_jessica, uniq_sigmund
D:4:      layout_rooms, amcnicky_altar_gilded, demons_altar
D:5:      layout_loops_cross, uniq_ijyb
D:6:      layout_loops_ring, nicolae_uskayaw_suspiria,
          mainiacjoe_overflow_tiny_flanked, kennysheep_mini
D:7:      minmay_the_grid_triangle_9x9_recursive_2
          [minmay_the_grid_triangle_9x9_prize_center,
          minmay_the_grid_triangle_9x9_checkered,
          minmay_the_grid_triangle_9x9_negative_grid,
          minmay_the_grid_triangle_9x9_swiss_cheese], layout_cave_pools,
          minmay_temple_entry_glassed_door, serial_rivers,
          chequers_serial_rivers_small_a, chequers_serial_rivers_room_b,
          chequers_serial_rivers_large_b, chequers_serial_rivers_micro_d,
          chequers_serial_rivers_room_b, chequers_serial_rivers_micro_a,
          uniq_pikel
D:8:      layout_rooms, enter_bailey_3, water_maze_lemuel, uniq_erica
D:9:      layout_stronghold, nicolae_overflow_crystal_walls,
          mainiacjoe_overflow_small_starburst, grunt_lair_entry_orc_guard_hut
D:10:     layout_cave_pools, xom_butterflies, mainiacjoe_overflow_cross_hatched,
          nicolae_concentric_dashed_squares_mild, uniq_gastronok
Temple:   nicolae_temple_godzebo
Lair:1:   layout_layer_cave, lemuel_centaur_altar, uniq_jeremiah
Lair:2:   layout_hall_layers, minmay_swamp_entry_swarm, gammafunk_ghost_grave,
          grunt_megastairs_2, uniq_amaemon
Lair:3:   layout_regular_city, spider_nest_entry_a, serial_bayou_pond_b
Lair:4:   layout_roguey [special_room_bee], minmay_slime_entry_pillars,
          grunt_megastairs_3
Lair:5:   evilmike_catoblepas_cave, layout_misc_corridors
Spider:1: layout_spider_delve

Skill      XL: |  1  2  3  4  5  6  7  8  9 10 11 12 13 14 |
---------------+-------------------------------------------+-----
Transmutations | 1 |  1.0
Dodging        | 2 3 4 5 6 |  6.2
Spellcasting   | 3 4 5 6 8 10 | 10.2
Conjurations   | 2 3 4 6 7 8 9 10 | 10.1
Air Magic      | 2 3 4 5 6 8 |  8.2
Poison Magic   | 4 6 |  6.6
Armour         | 1 4 |  4.7
Fighting       | 13 14 | 14.8
Maces & Flails | 7 12 | 12.8
Earth Magic    | 2 |  2.5
Stealth        | |  1.8

Action                     |  1- 3 |  4- 6 |  7- 9 | 10-12 | 13-15 || total
---------------------------+-------+-------+-------+-------+-------++-------
  Melee: Unarmed           |    25 |       |       |       |       ||    25
         Punch             |     1 |     2 |     1 |     2 |     3 ||     9
         Touch             |     3 |     5 |    29 |    64 |    46 ||   147
         Dagger            |     1 |    50 |   105 |   151 |       ||   307
         Demon whip        |       |       |       |    42 |   188 ||   230
   Cast: Sting             |    97 |    90 |   150 |   259 |   190 ||   786
         Poisonous Vapours |     2 |    19 |    31 |    58 |    19 ||   129
         Mephitic Cloud    |       |     1 |    22 |    39 |    13 ||    75
         Call Imp          |       |       |     9 |    15 |     6 ||    30
         Olgreb's Toxic Ra |       |       |       |    80 |    88 ||   168
         Magic Dart        |       |       |       |     7 |       ||     7
         Stone Arrow       |       |       |       |    11 |     4 ||    15
    Use: Scroll            |       |     9 |     6 |     9 |     2 ||    26
         Potion            |       |     1 |       |       |    14 ||    15
   Stab: Paralysed         |       |     6 |    37 |    63 |    29 ||   135
         Confused          |       |     1 |     1 |     4 |     5 ||    11
         Distracted        |       |       |     2 |       |       ||     2
 Armour: Robe              |    32 |    55 |       |       |       ||    87
         Leather armour    |       |     5 |    52 |    49 |       ||   106
         Acid dragon scale |       |       |       |   127 |   315 ||   442
  Dodge: Dodged            |    50 |    72 |    49 |   184 |   218 ||   573

Table legend: (Time is in decaauts)
 A = Elapsed time spent in this place.
 B = Non-inter-level travel time spent in this place.
 C = Inter-level travel time spent in this place.
 D = Time resting spent in this place.
 E = Time spent auto-exploring this place.
 F = Levels seen in this place.
 G = Mean time per level.
                   A        B        C        D        E       F      G
               +--------+--------+--------+--------+--------+-----+--------+
         Total |  21276 |  20405 |    871 |   2624 |  13730 |  19 | 1119.8 |
       Dungeon |  11201 |  10597 |    604 |    774 |   7626 |  10 | 1120.1 |
        Temple |     44 |     44 |      0 |      0 |      0 |   1 |   44.0 |
          Lair |   8203 |   7938 |    265 |   1504 |   5192 |   5 | 1640.6 |
   Spider Nest |    119 |    119 |      0 |      0 |     66 |   1 |  119.0 |
         Sewer |    726 |    726 |      0 |    100 |    482 |   1 |  726.0 |
        Bailey |    979 |    979 |      0 |    246 |    363 |   1 |  979.0 |
               +--------+--------+--------+--------+--------+-----+--------+

Top non-repeatable levels by time:
  Lair:5: 2380 daAuts
  Lair:1: 2155 daAuts
     D:7: 1619 daAuts
  Lair:4: 1589 daAuts
     D:9: 1580 daAuts
     D:1: 1518 daAuts
     D:3: 1387 daAuts
     D:2: 1286 daAuts
     D:5: 1138 daAuts
  Lair:2: 1064 daAuts
  Lair:3: 1013 daAuts
  Bailey: 979 daAuts
     D:6: 972 daAuts
     D:4: 884 daAuts
     D:8: 776 daAuts
